 Dungeon Crawl Stone Soup version 0.15.0-14-g6bbbb5c (webtiles) character file.

7879 sinov the Archer (level 11, -13/97 HPs)
             Began as a Centaur Hunter on Sept 5, 2014.
             Was a Priest of Okawaru (penitent).
             Mangled by a salamander
             ... wielding a +4 trident
             ... created by the fury of Okawaru
              (14 damage)
             ... on Level 8 of the Dungeon.
             The game lasted 01:50:23 (14054 turns).

sinov the Archer (Centaur Hunter)                  Turns: 14054, Time: 01:50:23

HP -13/97        AC 14     Str 15      XL: 11   Next:  2%
MP   8/8         EV  3     Int 10      God: *Okawaru
Gold 563         SH  0     Dex 13      Spells:  0 memorised, 10 levels left

rFire  . . .     SeeInvis +     a - +0 hand axe
rCold  . . .     Clarity  .     I - +0 plate armour
rNeg   . . .     rCorr    .     (no shield)
rPois  .         rRot     .     h - +2 helmet {SInv}
rElec  .         Spirit   .     (no cloak)
SustAb .         Warding  .     (no gloves)
rMut   .         Stasis   .     (no barding)
Gourm  .                        (no amulet)
MR     .....                    (no ring)
                                F - cursed ring of loudness

@: lethally poisoned, very quick, not resistant to hostile enchantments,
extremely unstealthy
A: hooves 3, deformed body, speed 2, tough skin 3
a: Renounce Religion


You were on level 8 of the Dungeon.
You worshipped Okawaru.
Okawaru was demanding penance.
You were not hungry.

You visited 2 branches of the dungeon, and saw 11 of its levels.
You also visited: Ossuary.

You collected 563 gold pieces.

Inventory:

Hand weapons
 a - a +0 hand axe (weapon)
 b - a +3 shortbow
Missiles
 c - 172 arrows
 g - 6 poisoned arrows
 j - 8 arrows of flame
 N - an arrow of frost
Armour
 h - a +2 helmet of see invisible (worn)
 I - a +0 plate armour (worn)
Magical devices
 l - a wand of flame (21)
 o - a wand of draining (5)
 u - a wand of cold (1)
 B - a wand of magic darts (15)
 D - a wand of paralysis (0)
 J - a wand of paralysis (5)
 M - a wand of enslavement (13)
Comestibles
 f - 8 bread rations
 i - 4 meat rations
 L - 3 rotting chunks of ogre flesh
 O - 10 royal jellies
Scrolls
 e - 4 scrolls of teleportation
 r - 2 scrolls of enchant weapon
 s - 3 scrolls of remove curse
 t - a scroll of immolation
 v - 2 scrolls of amnesia
 w - 4 scrolls of enchant armour
 y - 2 scrolls of fear
 z - 4 scrolls of magic mapping
 A - a scroll of recharging
 E - 5 scrolls of blinking
Jewellery
 F - a cursed ring of loudness (left hand)
Potions
 d - 5 potions of brilliance
 k - 2 potions of flight
 m - 4 potions of invisibility
 n - 2 potions of heal wounds
 p - 4 potions of curing
 q - 2 potions of might
 x - a potion of restore abilities {unknown}
 C - a potion of cure mutation {unknown}
 G - 2 potions of agility
Books
 H - a book of the Sky

   Spells                             Type                      Level
   Flight                             Charms/Air                   3
   Airstrike                          Air                          4
   Silence                            Hexes/Air                    5
   Deflect Missiles                   Charms/Air                   6
   Conjure Ball Lightning             Conjuration/Air              6
   Tornado                            Air                          9


   Skills:
 + Level 9.6 Fighting
 + Level 3.5 Axes
 + Level 14.6 Bows
 + Level 8.0 Armour
 - Level 1.3 Dodging
 - Level 0.5 Stealth
 + Level 0.2 Invocations


You had 10 spell levels left.
You didn't know any spells.

Dungeon Overview and Level Annotations

Branches:
Dungeon (10/15)            Temple (1/1) D:5
    Orc: D:9-12        Lair: D:8-11

Altars:
Ashenzari
Dithmenos
Elyvilon
Fedhas
Kikubaaqudgha
Makhleb
Nemelex Xobeh
Okawaru
Qazlal
Sif Muna
Vehumet
Xom
Yredelemnul
Zin
The Shining One

Shops:
D:4 :

Annotations:
D:9 Duvessa


Innate Abilities, Weirdness & Mutations

You have hooves in place of feet.
Armour fits poorly on your strangely shaped body.
You cover ground very quickly.
You have extremely tough skin (AC +3).


Message History

* * * LOW HITPOINT WARNING * * *
The centaur warrior wields a longbow.
The centaur warrior shoots an arrow.
The arrow hits you.
* * * LOW HITPOINT WARNING * * *
The arrow disappears in a puff of smoke!
You feel sick.
Wield which item (- for none, * to show all)? (? for menu, Esc to quit)
a - a +0 hand axe (weapon)
The salamander hits you but does no damage.
The orc warrior hits you from afar with a halberd.
* * * LOW HITPOINT WARNING * * *
You hit the orc but do no damage. You kick the orc.
You kill the orc!
That felt strangely unrewarding.
You feel sick.
The centaur warrior shoots an arrow.
The arrow hits you but does no damage.
The arrow disappears in a puff of smoke!
The salamander hits you from afar with a glowing trident!
* * * LOW HITPOINT WARNING * * *
You are engulfed in flames!
You die...

###'##.......##..#......)...# #.
....##.).....'...'..........# #.
........##...##..#..........# ##
........##...##'##......#####
#+####...#...#.N..h.....# #
.....#...#...#..N.####..# ##
.....#...#...'oocN#.....##### #.
.....#...+)..#....#....#....# #.
.....+...#...#.>@.+....'....# #.
.....#..####'#....####'#....####.
.....#..###..#.....#...#.........
.....#....#..#.....'...###'#.....
.....+....'..'.....#.......'.....
.....#...##..#.%...#.......#....#
.....#...###'#.....#...##..#....#
.....#...#.........#...##..#....#
.....'...'.........'...##..#....#


You could see a naga warrior, an orc knight, a salamander mystic, a salamander,
a centaur warrior, a warg and an orc warrior (frenzied).

Vanquished Creatures
  Erolcha (D:9)
  A hill giant (D:7)
  The ghost of Johnny the Gusty, an experienced DgAE (D:7)
  Prince Ribbit (D:9)
  6 yaks
  A deep elf mage (D:7)
  A wyvern (D:9)
  A hippogriff (D:9)
  2 yellow wasps
  A sky beast (D:7)
  An orc warrior (D:8)
  6 ogres
  2 ice beasts
  4 centaurs
  2 phantoms
  A necrophage (D:7)
  A manticore skeleton (D:9)
  Sigmund (D:3)
  9 giant frogs
  7 scorpions
  A hippogriff zombie (D:3)
  A wight (D:8)
  5 killer bees
  2 centaur zombies
  Dowan (D:9)
  2 goliath beetles
  3 jellies (D:8)
  4 crimson imps
  A black bear skeleton (D:7)
  8 hounds
  A black bear zombie (D:6)
  3 human zombies (Ossuary)
  4 orc priests
  10 worker ants
  8 orc wizards
  Ijyb (D:6)
  2 big kobold zombies (Ossuary)
  A hound zombie (Ossuary)
  An ogre skeleton (D:4)
  3 mummies (Ossuary)
  A hound skeleton (D:8)
  4 gnolls (D:2)
  8 adders
  2 inept item mimics
  2 shadow imps
  2 worms (D:2)
  2 adder zombies (Ossuary)
  An orc skeleton (D:4)
  An adder skeleton (D:5)
  2 giant geckos
  8 oozes
  22 orcs
  5 gnoll zombies
  13 hobgoblins
  5 quokkas
  14 bats
  5 giant newts
  15 goblins
  A goblin skeleton (D:4)
  2 goblin zombies (Ossuary)
  A hobgoblin zombie (Ossuary)
  12 jackals
  4 jackal zombies
  23 kobolds
  4 kobold zombies (Ossuary)
  4 orc zombies (Ossuary)
  A quokka zombie (Ossuary)
  15 rats
  6 rat zombies (Ossuary)
297 creatures vanquished.

Notes
Turn   | Place    | Note
--------------------------------------------------------------
     0 | D:1      | sinov, the Centaur Hunter, began the quest for the Orb.
     0 | D:1      | Reached XP level 1. HP: 16/16 MP: 1/1
   407 | D:1      | Reached XP level 2. HP: 20/23 MP: 2/2
   659 | D:1      | Reached skill level 6 in Bows
  1589 | D:2      | Reached XP level 3. HP: 28/28 MP: 3/3
  1649 | D:2      | Reached skill level 10 in Bows
  1649 | D:2      | Reached XP level 4. HP: 30/44 MP: 3/3
  1650 | D:2      | Reached skill level 12 in Bows
  1650 | D:2      | Reached XP level 5. HP: 33/53 MP: 4/4
  1652 | D:2      | Found a radiant altar of Vehumet.
  2789 | D:3      | Noticed Sigmund
  2801 | D:3      | Killed Sigmund
  2801 | D:3      | Reached XP level 6. HP: 61/61 MP: 5/5
  3420 | D:4      | Found Seug's Book Shop.
  3811 | D:4      | Found a sand-covered staircase.
  3816 | Ossuary  | Entered an ossuary
  4062 | Ossuary  | Reached XP level 7. HP: 59/68 MP: 5/5
  4645 | D:4      | Found an ancient bone altar of Kikubaaqudgha.
  5025 | D:4      | Found a basalt altar of Yredelemnul.
  5079 | D:5      | Entered Level 5 of the Dungeon
  5105 | D:5      | Found a staircase to the Ecumenical Temple.
  5155 | Temple   | Entered the Ecumenical Temple
  5173 | Temple   | Became a worshipper of Warmaster Okawaru
  5191 | D:5      | Reached XP level 8. HP: 45/75 MP: 6/6
  5665 | D:5      | Found a sparkling altar of Nemelex Xobeh.
  6475 | D:6      | Noticed Ijyb
  6478 | D:6      | Paralysed by Ijyb for 2 turns
  6482 | D:6      | Paralysed by Ijyb for 7 turns
  6498 | D:6      | Killed Ijyb
  6540 | D:6      | Acquired Okawaru's first power
  6614 | D:6      | Found a shimmering altar of Xom.
  6622 | D:6      | Reached skill level 1 in Axes
  7253 | D:6      | Reached XP level 9. HP: 70/82 MP: 7/7
  7499 | D:7      | Noticed Johnny's ghost (experienced DgAE)
  7523 | D:7      | HP: 3/82 [Johnny's ghost/zap (10)]
  8729 | D:7      | Noticed a hill giant
  8753 | D:7      | Killed a hill giant
  8753 | D:7      | Reached skill level 13 in Bows
  8907 | D:7      | Killed Johnny's ghost
  9782 | D:8      | Found a blossoming altar of Fedhas.
 10089 | D:8      | Reached XP level 10. HP: 77/91 MP: 7/7
 10876 | D:8      | Reached skill level 14 in Bows
 12221 | D:8      | Received a gift from Okawaru
 12625 | D:9      | Noticed Duvessa
 12625 | D:9      | Noticed Dowan
 12840 | D:9      | Killed Dowan
 12932 | D:9      | Found a glowing silver altar of Zin.
 13109 | D:9      | Noticed Prince Ribbit
 13116 | D:9      | Killed Prince Ribbit
 13441 | D:9      | Noticed Erolcha
 13465 | D:9      | Killed Erolcha
 13465 | D:9      | Received a gift from Okawaru
 13806 | D:10     | Entered Level 10 of the Dungeon
 13816 | D:10     | Found a white marble altar of Elyvilon.
 13819 | D:10     | Noticed a hill giant
 13823 | D:10     | Was placed under penance by Okawaru
 13840 | D:9      | Reached XP level 11. HP: 85/97 MP: 8/8
 13920 | D:9      | Noticed a fire giant
 13920 | D:9      | Noticed a fire giant
 14049 | D:8      | Noticed a naga warrior
 14049 | D:8      | Noticed a salamander mystic
 14049 | D:8      | Noticed a centaur warrior
 14054 | D:8      | HP: 1/97 [salamander/glowing trident[the fury of Okawaru] (9)]
 14054 | D:8      | Mangled by a salamander

Action                   |  1- 3 |  4- 6 |  7- 9 | 10-12 || total
-------------------------+-------+-------+-------+-------++-------
Melee: Short sword       |    80 |   243 |   203 |       ||   526
       Hand axe          |       |       |   339 |   291 ||   630
 Fire: Shortbow          |     8 |    24 |   140 |   206 ||   378
Invok: Heroism           |       |       |     1 |     1 ||     2
Evoke: Wand              |       |       |       |     2 ||     2
  Use: Scroll            |     2 |    14 |     6 |     2 ||    24
       Potion            |     1 |     1 |       |       ||     2
  Eat: Chunk             |     1 |     6 |    14 |    11 ||    32
       Pizza             |       |       |     2 |       ||     2
       Fruit             |       |       |     1 |       ||     1
       Beef jerky        |       |       |       |     1 ||     1
